 Dungeon Crawl Stone Soup version 0.28.0 (webtiles) character file.

Game seed: 12977420310926715015

1754 sasquatch the Slicer (level 8, -1/73 HPs)
             Began as a Minotaur Hunter on Feb 6, 2022.
             Was an Initiate of Gozag.
             Slain by an orc warrior (10 damage)
             ... on level 6 of the Dungeon.
             The game lasted 00:08:35 (5550 turns).

sasquatch the Slicer (Minotaur Hunter)              Turns: 5550, Time: 00:08:36

Health: -1/73      AC:  6    Str: 19    XL:     8   Next: 78%
Magic:  7/7        EV: 11    Int:  8    God:    Gozag
Gold:   209        SH:  0    Dex: 11    Spells: 7/7 levels left

rFire   + . .      SeeInvis .   b - +1 dagger (venom)
rCold   + . .      Faith    .   (no shield)
rNeg    . . .      Spirit   .   i - +0 ring mail
rPois   +          Reflect  .   (helmet restricted)
rElec   +          Harm     .   y - +0 cloak
rCorr   +          Rampage  .   (no gloves)
Will    +....                   (no boots)
Stlth   +.........              (no amulet)
HPRegen 0.22/turn               v - ring of willpower
MPRegen 0.10/turn               (no ring)

@: mighty, resistant, gold aura, flying
A: horns 2, retaliatory headbutt
a: Renounce Religion, Potion Petition, Call Merchant, Bribe Branch


You were on level 6 of the Dungeon.
You worshipped Gozag.
Gozag was aware of your devotion.
You visited 2 branches of the dungeon, and saw 7 of its levels.

You collected 264 gold pieces.
You paid 55 gold pieces to Gozag.

Inventory:

Hand Weapons
 a - a +1 shortbow
 b - a +1 dagger of venom (weapon)
 l - the +6 dagger of the Scorching Stoat {pain, Int+5}
   (You found it on level 2 of the Dungeon)

   In the hands of one skilled in necromantic magic, it inflicts extra damage on
   living creatures.
   Int:       It affects your intelligence (+5).
 z - the +1 mace of Gapo {flame, Will+ Str+4}
   (You found it on level 5 of the Dungeon)

   It burns those it strikes, dealing additional fire damage.
   Str:       It affects your strength (+4).
   Will:      It increases your willpower.
Missiles
 d - 54 arrows
 k - 6 javelins (quivered)
Armour
 i - a +0 ring mail (worn)
 o - a +0 scale mail
 w - a +0 chain mail
 y - a +0 cloak (worn)
Jewellery
 v - a ring of willpower (left hand)
Scrolls
 c - a scroll of fog {unknown}
 e - 2 scrolls of teleportation {unknown}
 g - 6 scrolls of identify
 h - a scroll of enchant weapon {unknown}
 m - 2 scrolls of magic mapping
 n - a scroll of vulnerability {unknown}
 p - a scroll of immolation {unknown}
 q - a scroll of amnesia {unknown}
 s - a scroll of noise {unknown}
Potions
 j - 2 potions of curing
 t - a potion of cancellation {unknown}
 u - a potion of mutation {unknown}
 x - a potion of flight


   Skills:
 + Level 7.0 Fighting
 * Level 8.6 Short Blades
 + Level 7.9 Bows
 - Level 0.1 Armour
 - Level 2.1 Dodging
 - Level 0.7 Stealth


You had 7 spell levels left.
You didn't know any spells.
Your spell library contained the following spells:

 Spells                   Type           Power      Damage    Failure   Level
 Freeze                   Ice            0%         1d3       58%         1
 Frozen Ramparts          Ice            0%         1d2       92%         3
 Gell's Gravitas          Tloc           0%         N/A       92%         3
 Lesser Beckoning         Tloc           0%         N/A       92%         3
 Teleport Other           Tloc           0%         N/A       92%         3
 Hailstorm                Conj/Ice       0%         3d3       100%        4


Dungeon Overview and Level Annotations

Branches:
Dungeon (6/15)             Temple (1/1) D:5

Altars:
Ashenzari
Cheibriados
Elyvilon
Fedhas
Gozag
Hepliaklqana
Makhleb
Nemelex Xobeh
Qazlal
Sif Muna
Trog
Vehumet
Wu Jian
Xom
Yredelemnul
Zin
The Shining One


Innate Abilities, Weirdness & Mutations

You have a pair of horns on your head.
You reflexively headbutt those who attack you in melee.


Message History

The kobold demonologist is heavily wounded.
The kobold demonologist hits you but does no damage.
The centaur barely misses you. You furiously retaliate!
You headbutt the centaur. The centaur misses you.
The shadow imp closely misses you.
You closely miss the kobold demonologist.
The kobold demonologist is heavily wounded.
The shadow imp is no longer distracted by gold.
The centaur is distracted by your dazzling golden aura.
The kobold demonologist barely misses you.
The centaur shouts!
Unknown command.
You miss the kobold demonologist.
You headbutt the kobold demonologist, but do no damage.
The kobold demonologist is heavily wounded.
The centaur is no longer distracted by gold.
The shadow imp closely misses you. You furiously retaliate!
You headbutt the shadow imp!
You kill the shadow imp!
The shadow imp disappears in a puff of smoke!
The centaur barely misses you. You furiously retaliate!
You headbutt the centaur!
The centaur kicks you but does no damage.
You feel better. The centaur hits you.
* * * LOW HITPOINT WARNING * * *
The centaur kicks you but does no damage.
The kobold demonologist hits you but does no damage.
The howler monkey skeleton is distracted by your dazzling golden aura.
The orc warrior hits you with a +0 flail!
* * * LOW HITPOINT WARNING * * *
The orc barely misses you.
You feel better.
The centaur hits you but does no damage.
The centaur barely misses you.
The kobold demonologist casts a spell.
The centaur hits you but does no damage.
The centaur kicks you but does no damage.
The orc warrior hits you with a +0 flail!
You die...
Your body crumbles into a pile of gold.

... #s# .[.#
.. #.# ...#
. #.# ...#
#.##...#
#.5#...#
##Z#...#
#5#3..##
#Kco...#
##@#.#.# #o#
# #..$.o....
#.$.......
#...>..?..
..........
...........
...........
^....#######


You could see a kobold demonologist, a ynoxinul (summoned), an orc warrior, a
centaur (very poisoned), 2 shadow imps, an orc and a howler monkey skeleton.

Vanquished Creatures
  Grinder (D:5)
  Sigmund (D:2)
  A water moccasin (D:5)
  An ice beast (D:6)
  A sky beast (D:4)
  2 necrophages
  A centaur (D:5)
  A bullfrog (D:5)
  4 scorpions
  A water moccasin skeleton (D:5)
  A howler monkey (D:5)
  7 hounds
  An orc priest (D:6)
  Crazy Yiuf (D:5)
  Jessica (D:3)
  An iguana (D:5)
  A killer bee zombie (D:6)
  A howler monkey skeleton (D:5)
  4 adders
  An adder skeleton (D:4)
  2 dart slugs
  6 orcs
  4 ball pythons
  7 endoplasms
  4 giant cockroaches
  7 goblins
  6 hobgoblins
  3 quokkas
  3 bats
  A frilled lizard (D:2)
  2 kobolds (D:1)
  4 rats
82 creatures vanquished.

Notes
Turn   | Place    | Note
-------+----------+-------------------------------------------
     0 | D:1      | sasquatch the Minotaur Hunter began the quest for the Orb.
     0 | D:1      | Reached XP level 1. HP: 18/18 MP: 0/0
    21 | D:1      | Found a faded altar of an unknown god.
   406 | D:1      | Reached XP level 2. HP: 25/25 MP: 1/1
   893 | D:2      | Reached skill level 1 in Short Blades
   893 | D:2      | Reached skill level 5 in Bows
   934 | D:2      | Reached XP level 3. HP: 30/30 MP: 2/2
   967 | D:2      | Identified the +6 dagger of the Scorching Stoat {pain,
                  | Int+5}
   971 | D:2      | Noticed Sigmund
   985 | D:2      | Killed Sigmund
   986 | D:2      | Reached skill level 3 in Short Blades
   986 | D:2      | Reached XP level 4. HP: 28/40 MP: 3/3
   986 | D:2      | Reached XP level 5. HP: 32/46 MP: 4/4
  1611 | D:3      | Found a shimmering altar of Xom.
  1730 | D:3      | Noticed Jessica
  1739 | D:3      | Killed Jessica
  1740 | D:3      | Reached skill level 4 in Short Blades
  2071 | D:3      | Found a basalt altar of Yredelemnul.
  2127 | D:3      | Found a sparkling altar of Nemelex Xobeh.
  2297 | D:3      | Found a white marble altar of Elyvilon.
  2477 | D:4      | Reached XP level 6. HP: 46/52 MP: 5/5
  2823 | D:4      | Noticed a sky beast
  2834 | D:4      | Killed a sky beast
  2835 | D:4      | Reached skill level 5 in Short Blades
  3097 | D:5      | Entered Level 5 of the Dungeon
  3106 | D:5      | Noticed Grinder
  3130 | D:5      | Paralysed by Grinder for 5 turns
  3133 | D:5      | Killed Grinder
  3134 | D:5      | Reached skill level 5 in Fighting
  3134 | D:5      | Reached XP level 7. HP: 28/61 MP: 6/6
  3229 | D:5      | Reached skill level 6 in Short Blades
  3781 | D:5      | Reached XP level 8. HP: 47/70 MP: 7/7
  3788 | D:5      | Reached skill level 7 in Short Blades
  3977 | D:5      | Found a staircase to the Ecumenical Temple.
  4034 | Temple   | Entered the Ecumenical Temple
  4295 | Temple   | Became a worshipper of Gozag Ym Sagoz the Greedy
  4991 | D:5      | Found a runed translucent door.
  4992 | D:5      | Noticed Crazy Yiuf
  5087 | D:5      | Killed Crazy Yiuf
  5331 | D:5      | Identified the +1 mace of Gapo {flame, Will+ Str+4}
  5484 | D:6      | Noticed a kobold demonologist
  5486 | D:6      | Reached skill level 8 in Short Blades
  5550 | D:6      | Slain by an orc warrior

Illustrated notes

Levels and vault maps discovered:
D:1:      dpeg_arrival_water_temple_mockup, layout_basic,
          dreamdust_ecumenical_altar_grove
D:2:      layout_rooms, uniq_sigmund
D:3:      layout_basic, nemelex_dance_club_becter, mainiacjoe_overflow_24_doors,
          kennysheep_ying_yang, uniq_jessica
D:4:      layout_basic, st_stairs_4, minmay_crystal_water
D:5:      minmay_general_purpose_star, layout_basic, minmay_temple_entry_hall,
          kennysheep_windowed_goal, uniq_crazy_yiuf_cottage, uniq_grinder
D:6:      layout_basic, grunt_potential
Temple:   nicolae_temple_figure_eight

Skill      XL: |  1  2  3  4  5  6  7  8 |
---------------+-------------------------+-----
Short Blades   | 1 3 4 5 6 8 |  8.6
Bows           | 5 6 7 |  7.9
Fighting       | 3 4 5 7 |  7.0
Armour         | |  0.1
Dodging        | |  2.1
Stealth        | |  0.7

Action                   |  1- 3 |  4- 6 |  7- 9 || total
-------------------------+-------+-------+-------++-------
Melee: Short sword       |    15 |       |       ||    15
       Headbutt          |     8 |    19 |    19 ||    46
       Dagger            |    31 |   103 |   139 ||   273
       Punch             |     1 |     2 |     1 ||     4
 Fire: Shortbow          |     2 |     5 |     3 ||    10
  Use: Potion            |       |       |     7 ||     7
       Scroll            |       |       |     1 ||     1
Armor: Leather armour    |     9 |       |       ||     9
       Ring mail         |     6 |    23 |    30 ||    59
Dodge: Dodged            |    28 |    54 |    88 ||   170
